 Dungeon Crawl Stone Soup version 0.26-a0-849-gf1512cd430 (webtiles) character file.

Game seed: 17466715884247652132

3363 Ijustatesigmund the Covert (level 10, -2/69 HPs)
             Began as an Octopode Fighter on Nov 20, 2020.
             Slain by an orc warrior
             ... wielding a +0 vorpal dire flail
              (6 damage)
             ... on level 7 of the Dungeon.
             The game lasted 00:17:52 (8754 turns).

Ijustatesigmund the Covert (Octopode Fighter)       Turns: 8754, Time: 00:17:52

Health: -2/69      AC:  1    Str: 13    XL:     10   Next: 3%
Magic:  19/19      EV: 13    Int: 14    God:
Gold:   493        SH: 10    Dex: 12    Spells: 9/9 levels left

rFire    + + .     SeeInvis +   y - +9 war axe "Goblinslayer" {vorpal, rPois MP+9 Str-2 SInv}
rCold    + . .     Faith    .   b - +1 kite shield
rNeg     . . .     Spirit   .   (helmet restricted)
rPois    +         Reflect  .   (no amulet)
rElec    .         Harm     .   j - ring of protection from fire
rCorr    .         Rampage  .   (no ring)
MR       .....                  (no ring)
Stlth    +++++.....             (no ring)
HPRegen  0.21/turn              (no ring)
MPRegen  0.16/turn              (no ring)
                                (no ring)
                                (no ring)

@: no status effects
A: almost no armour, stealthy swim, amphibious, 8 rings, constrict 8, camouflage
1, cold resistance 1, fire resistance 1, gelatinous body 1
a: no special abilities


You were on level 7 of the Dungeon.
You visited 2 branches of the dungeon, and saw 8 of its levels.
You also visited: Ossuary.

You collected 493 gold pieces.

Inventory:

Hand Weapons
 a - a +0 war axe
 k - a +0 morningstar
 o - the +12 whip of Vanity {speed, Str+4 SInv}
   (You found it on level 6 of the Dungeon)

   Attacks with this weapon are significantly faster.
   It affects your strength (+4).
   It lets you see invisible.
 y - the +9 war axe "Goblinslayer" (weapon) {vorpal, rPois MP+9 Str-2 SInv}
   (You took it off an orc warrior on level 6 of the Dungeon)

   It inflicts extra damage upon your enemies.
   It affects your strength (-2).
   It protects you from poison.
   It affects your magic capacity (+9).
   It lets you see invisible.
Missiles
 f - 24 poisoned darts (quivered)
 u - 3 curare-tipped darts
Armour
 b - a +1 kite shield (worn)
Jewellery
 j - a ring of protection from fire (left tentacle)
Wands
 l - a wand of acid (1)
 t - a wand of paralysis (6)
Scrolls
 d - 2 scrolls of blinking
 e - 2 scrolls of fog
 g - a scroll of magic mapping
 m - 4 scrolls of identify
 n - a scroll of teleportation
 p - 3 scrolls of remove curse
 v - a scroll of amnesia
 B - a scroll of enchant armour
Potions
 c - 2 potions of might
 h - 7 potions of curing
 i - 2 potions of lignification
 q - a potion of mutation
 r - 2 potions of ambrosia
 s - a potion of invisibility
 w - 2 potions of heal wounds
 x - 2 potions of resistance
 z - a potion of brilliance
 A - a potion of attraction


   Skills:
 - Level 6.5 Fighting
 - Level 7.5 Axes
 + Level 5.6 Throwing
 - Level 5.2 Dodging
 + Level 8.2 Stealth
 - Level 5.2 Shields


You had 9 spell levels left.
You didn't know any spells.
Your spell library contained the following spells:

 Spells                   Type           Power        Failure   Level
 Magic Dart               Conj           #...         71%         1
 Searing Ray              Conj           #.....       83%         2
 Sublimation of Blood     Necr           #.........   83%         2
 Dazzling Flash           Conj/Hex       #.....       97%         3
 Ignite Poison            Fire/Tmut/Pois #.......     97%         3
 Fulminant Prism          Conj/Hex       #.........   100%        4
 Iskenderun's Mystic Bla  Conj/Tloc      #.......     100%        4
 Petrify                  Tmut/Erth      #.......     100%        4
 Alistair's Intoxication  Tmut/Pois      #........    100%        5
 Irradiate                Conj/Tmut      #.........   100%        5
 Eringya's Noxious Bog    Tmut/Pois      #.........   100%        6


Dungeon Overview and Level Annotations

Branches:
Dungeon (7/15)             Temple (1/1) D:6         Ossuary (visited)

Altars:
Dithmenos
Elyvilon
Fedhas
Gozag
Hepliaklqana
Kikubaaqudgha
Makhleb
Nemelex Xobeh
Okawaru
Qazlal
Ru
Sif Muna
Uskayaw
Vehumet
Wu Jian
Xom
Zin
The Shining One
Beogh


Innate Abilities, Weirdness & Mutations

You cannot wear most types of armour.
You are very stealthy in the water. (Stealth+)
You are amphibious.
You can wear up to eight rings at the same time.
You can use your tentacles to constrict eight enemies at once.
Your skin changes colour to match your surroundings (Stealth+).
Your rubbery body absorbs attacks. (AC +1, EV +1)
Your flesh is cold resistant. (rC+)
Your flesh is heat resistant. (rF+)


Message History

The orc warlord roars a battlecry!
The orc warrior goes into a battle-frenzy!
You block the orc warrior's attack.
You hit the orc warrior but do no damage.
The orc warrior is moderately wounded.
You hit the orc. You slash the orc!
You kill the orc!
You constrict the orc warrior.
The orc warrior hits you with a +0 vorpal dire flail!!
You block the orc's attack.
You hit the orc warrior.
The orc warrior is heavily wounded.
You slash the orc!
You kill the orc!
You constrict the orc warrior.
An orc priest comes into view. It is wielding a +0 hand axe.
The orc warrior hits you with a +0 vorpal dire flail!!!
Ouch! That really hurt!
* * * LOW HITPOINT WARNING * * *
You die...

≈≈≈≈≈....≈≈≈≈≈≈≈
(...............
#####''''#########
#....#...(...#
#....#)....^.#
+....')......#
############'#
.#...)...#
≈...ooo)@.#
≈o.....†)o#
..#......... o
########.... ?$.
....# ### #####


You could see an orc warlord, 3 orc warriors and an orc priest (strong).

Vanquished Creatures
  A vampire (D:7)
  Sigmund (D:3)
  5 wargs
  An ice beast (D:5)
  A phantom (D:5)
  4 orc warriors
  A centaur (D:5)
  A big kobold (D:7)
  2 bullfrogs
  A water moccasin skeleton (D:5)
  A scorpion (D:4)
  4 wights
  2 howler monkeys (D:4)
  A bullfrog zombie (D:5)
  A hound (D:4)
  2 jellies (D:6)
  Crazy Yiuf (D:3)
  13 orc priests
  A bullfrog skeleton (D:5)
  8 orc wizards
  An iguana (D:7)
  3 worker ants
  A big kobold zombie (Ossuary)
  2 hound zombies
  3 hound skeletons
  8 mummies (Ossuary)
  10 adders
  A white imp (D:6)
  2 ufetubi (D:6)
  2 worms (D:3)
  2 dart slugs
  The ghost of glosham the Sneak, a weakling DEDe (D:6)
  2 leopard geckos
  35 orcs
  3 bats
  7 giant cockroaches
  5 goblins
  10 hobgoblins
  6 kobolds
  4 quokkas
  A ball python (D:3)
  A frilled lizard (D:2)
  A gnoll zombie (Ossuary)
  2 hobgoblin zombies (Ossuary)
  2 kobold zombies (Ossuary)
  2 orc zombies (Ossuary)
  A quokka zombie (D:7)
  4 rats
174 creatures vanquished.

Vanquished Creatures (others)
  3 plants (D:6)
3 creatures vanquished.

Grand Total: 177 creatures vanquished

Notes
Turn   | Place    | Note
-------+----------+-------------------------------------------
     0 | D:1      | Ijustatesigmund the Octopode Fighter began the quest for
                  | the Orb.
     0 | D:1      | Reached XP level 1. HP: 16/16 MP: 1/1
    87 | D:1      | Reached XP level 2. HP: 21/21 MP: 2/2
   616 | D:2      | Reached XP level 3. HP: 22/26 MP: 3/3
  1548 | D:3      | Gained mutation: Your flesh is heat resistant. (rF+)
                  | [potion of mutation]
  1548 | D:3      | Gained mutation: Your flesh is cold resistant. (rC+)
                  | [potion of mutation]
  1559 | D:3      | Reached XP level 4. HP: 25/32 MP: 4/4
  2023 | D:3      | Reached XP level 5. HP: 19/37 MP: 5/5
  2184 | D:3      | Found a runed translucent door.
  2185 | D:3      | Noticed Crazy Yiuf
  2191 | D:3      | Killed Crazy Yiuf
  2946 | D:3      | Noticed Sigmund
  2955 | D:3      | Killed Sigmund
  2956 | D:3      | Reached skill level 5 in Axes
  2956 | D:3      | Reached XP level 6. HP: 44/44 MP: 6/6
  3355 | D:4      | Reached XP level 7. HP: 43/49 MP: 7/7
  3399 | D:4      | Reached skill level 5 in Fighting
  3880 | D:4      | Reached XP level 8. HP: 30/56 MP: 8/8
  4482 | D:5      | Entered Level 5 of the Dungeon
  4927 | D:5      | Found a sand-covered staircase.
  4931 | Ossuary  | Entered an ossuary
  5304 | D:5      | Found a glowing silver altar of Zin.
  5796 | D:5      | Reached skill level 5 in Dodging
  5796 | D:5      | Reached skill level 5 in Shields
  6102 | D:5      | Found a sacrificial altar of Ru.
  6318 | D:6      | Got a translucent whip
  6319 | D:6      | Identified the +12 whip of Vanity {speed, Str+4 SInv} (You
                  | found it on level 6 of the Dungeon)
  6353 | D:6      | Reached XP level 9. HP: 62/63 MP: 9/9
  6369 | D:6      | Found a sacrificial altar of Ru.
  6608 | D:6      | Reached skill level 1 in Stealth
  6703 | D:6      | Found a staircase to the Ecumenical Temple.
  6744 | D:6      | Reached skill level 1 in Throwing
  6760 | D:6      | Found a shimmering altar of Xom.
  6836 | D:6      | Found a runed translucent gate.
  6837 | D:6      | Found a runed translucent gate.
  6838 | D:6      | Found a roughly hewn altar of Beogh.
  6838 | D:6      | Found a runed translucent gate.
  6838 | D:6      | Noticed glosham's ghost (weakling DEDe)
  6839 | D:6      | Identified the +9 war axe "Goblinslayer" {vorpal, rPois
                  | MP+9 Str-2 SInv}
  6839 | D:6      | Identified the +5 plate armour of Virtue {Str+2 Stlth+}
  6864 | D:6      | Reached skill level 2 in Stealth
  6867 | D:6      | Reached skill level 3 in Stealth
  7318 | D:6      | Found a shimmering altar of Xom.
  7322 | D:6      | Found a hazy altar of Hepliaklqana.
  7323 | D:6      | Found a sparkling altar of Nemelex Xobeh.
  7324 | D:6      | Found an ornate altar of the Wu Jian Council.
  7325 | D:6      | Found a glowing golden altar of the Shining One.
  7326 | D:6      | Found a shadowy altar of Dithmenos.
  7404 | D:6      | Reached skill level 4 in Stealth
  7404 | D:6      | Killed glosham's ghost
  7521 | Temple   | Entered the Ecumenical Temple
  8104 | D:7      | Reached skill level 5 in Stealth
  8242 | D:7      | Reached skill level 6 in Stealth
  8635 | D:7      | Reached skill level 7 in Stealth
  8639 | D:7      | Reached skill level 5 in Throwing
  8735 | D:7      | Reached XP level 10. HP: 69/69 MP: 10/10
  8746 | D:7      | Reached skill level 8 in Stealth
  8747 | D:7      | Noticed an orc warlord
  8754 | D:7      | Slain by an orc warrior

Illustrated notes

Levels and vault maps discovered:
D:1:      shiori_arrival_oz, layout_rooms
D:2:      layout_basic
D:3:      layout_loops_ring, uniq_sigmund, uniq_crazy_yiuf_cottage
D:4:      kennysheep_spiral_hall, layout_loops_corners
D:5:      layout_rooms, marbit_many_paths, zin_scriptorium, enter_ossuary_5
D:6:      layout_rooms, minitemple, temple_statues, biasface_ghost_orc_armoury,
          basic_altar, serial_bayou_pond_c, minivault_1,
          kennysheep_decorative_pillar, hangedman_decor_growths,
          nicolae_ru_awakened_eye
D:7:      lemuel_castle_with_subvaults [lemuel_castle_interior_carwin_3],
          layout_basic, minmay_overflow_temple_star_quad
Temple:   jpeg_temple_alley_garden

Skill      XL: |  1  2  3  4  5  6  7  8  9 10 |
---------------+-------------------------------+-----
Axes           | 3 4 5 6 7 |  7.5
Fighting       | 4 5 6 |  6.5
Dodging        | 5 |  5.2
Shields        | 5 |  5.2
Stealth        | 7 8 |  8.2
Throwing       | 5 |  5.6

Action                   |  1- 3 |  4- 6 |  7- 9 | 10-12 || total
-------------------------+-------+-------+-------+-------++-------
Melee: War axe           |    56 |    52 |   231 |     7 ||   346
       Constrict         |    18 |    14 |    66 |     1 ||    99
       Tentacles         |    11 |    12 |    49 |       ||    72
       Whip              |       |       |    32 |       ||    32
Throw: Dart              |       |     9 |     4 |       ||    13
Evoke: Wand              |       |     3 |     3 |       ||     6
  Use: Scroll            |     7 |     2 |    12 |       ||    21
       Potion            |     1 |       |     3 |       ||     4
 Stab: Sleeping          |     5 |     3 |     7 |     1 ||    16
       Invisible         |       |       |     1 |       ||     1
Armor: Skin              |     3 |     2 |     7 |       ||    12
Dodge: Dodged            |    19 |    14 |   102 |     2 ||   137
Block: Kite shield       |    25 |     8 |    98 |     3 ||   134

Table legend: (Time is in decaauts)
 A = Elapsed time spent in this place.
 B = Non-inter-level travel time spent in this place.
 C = Inter-level travel time spent in this place.
 D = Time resting spent in this place.
 E = Time spent auto-exploring this place.
 F = Levels seen in this place.
 G = Mean time per level.
                   A        B        C        D        E       F      G
               +--------+--------+--------+--------+--------+-----+--------+
         Total |   8838 |   8658 |    180 |   3078 |   4303 |   9 |  982.0 |
       Dungeon |   8255 |   8112 |    143 |   3069 |   3911 |   7 | 1179.3 |
        Temple |    231 |    194 |     37 |      0 |    194 |   1 |  231.0 |
       Ossuary |    351 |    351 |      0 |      9 |    198 |   1 |  351.0 |
               +--------+--------+--------+--------+--------+-----+--------+

Top non-repeatable levels by time:
     D:3: 1876 daAuts
     D:4: 1608 daAuts
     D:6: 1351 daAuts
     D:5: 1284 daAuts
     D:2: 779 daAuts
     D:7: 735 daAuts
     D:1: 619 daAuts
 Ossuary: 351 daAuts
  Temple: 231 daAuts
